 Dungeon Crawl Stone Soup version 0.31-a0-726-g3c93526463 (webtiles) character file.

Game seed: 5258465740653098284

58 Ijustatesigmund the Firebug (level 3, -1/20 HPs)
             Began as a Deep Elf Fire Elementalist on Sept 11, 2023.
             Slain by a cerulean imp
             ... wielding a +1 spear
             ... summoned by Natasha
              (4 damage)
             ... on level 2 of the Dungeon.
             The game lasted 00:02:04 (1192 turns).

Ijustatesigmund the Firebug (DEFE)                  Turns: 1192, Time: 00:02:04

Health: -1/20      AC:  3    Str:  5    XL:     3   Next: 76%
Magic:  2/10       EV: 12    Int: 21    God:
Gold:   156        SH:  0    Dex: 15    Spells: 6/9 levels left

rFire   . . .        f - +2 dagger (venom)
rCold   . . .        (no shield)
rNeg    . . .        a - +0 robe
rPois   .            i - +0 helmet
rElec   .            (no cloak)
rCorr   .            (no gloves)
SInv    .            (no boots)
Will    .....        (no amulet)
Stlth   ++           (no ring)
HPRegen 0.23/turn    (no ring)
MPRegen 0.12/turn

%: no passive effects
@: no status effects
A: no striking features
a: no special abilities


You were on level 2 of the Dungeon.
You visited 1 branch of the dungeon, and saw 2 of its levels.

You collected 156 gold pieces.

Inventory:

Hand Weapons
 f - a +2 dagger of venom (weapon)
Missiles
 e - a throwing net
Armour
 a - a +0 robe (worn)
 i - a +0 helmet (worn)
Scrolls
 c - 3 scrolls of identify {unknown}
 d - a scroll of vulnerability {unknown}
 j - a scroll of torment {unknown}
Potions
 b - 2 potions of magic
 g - a potion of ambrosia {unknown}
 h - 2 potions of might {unknown}


   Skills:
 + Level 1.2 Fighting
 - Level 2.4 Dodging
 - Level 2.4 Stealth
 + Level 3.8 Spellcasting
 + Level 2.1 Conjurations
 + Level 3.9 Fire Magic


You had 6 spell levels left.
You knew the following spells:

 Your Spells              Type           Power      Damage    Failure   Level
a - Foxfire               Conj/Fire      64%        2x1d7     3%          1
b - Scorch                Fire           40%        2d6       3%          2

Your spell library contained the following spells:

 Spells                   Type           Power      Damage    Failure   Level
 Inner Flame              Hex/Fire       12%        N/A       17%         3
 Volatile Blastmotes      Fire/Tloc      24%        2d12      17%         3
 Flame Wave               Conj/Fire      16%        2d7       34%         4


Dungeon Overview and Level Annotations

Branches:
Dungeon (2/15)

Altars:

Annotations:
D:2 Natasha


Message History

The cerulean imp is moderately wounded.
The cerulean imp closely misses you.
Casting: Foxfire (safe; 3% risk of failure)
Confirm with . or Enter, or press ? or * to list all spells.
Flames lash Natasha.
Natasha is moderately wounded.
Natasha's fire resistance burns away.
Natasha wildly gestures.
Natasha's front paws start to glow.
The cerulean imp completely misses you.
The cerulean imp hits you but does no damage.
Casting: Scorch (safe; 3% risk of failure)
Confirm with . or Enter, or press ? or * to list all spells.
Flames lash the cerulean imp.
The cerulean imp is severely wounded.
The cerulean imp's fire resistance burns away.
The cerulean imp hits you with a +1 spear.
Natasha is no longer more vulnerable to fire.
The cerulean imp hits you with a +1 spear.
Unknown command.
Casting: Scorch (safe; 3% risk of failure)
Confirm with . or Enter, or press ? or * to list all spells.
Flames lash Natasha.
Natasha is almost dead.
Natasha's fire resistance burns away.
Natasha mumbles some strange words.
The cerulean imp closely misses you.
The cerulean imp is no longer more vulnerable to fire.
The cerulean imp barely misses you.
The cerulean imp hits you with a +1 spear.
* * * LOW HITPOINT WARNING * * *
Casting: Scorch (safe; 3% risk of failure)
Confirm with . or Enter, or press ? or * to list all spells.
Flames lash the cerulean imp.
The cerulean imp is heavily wounded.
The cerulean imp's fire resistance burns away.
Natasha mumbles some strange words.
The cerulean imp closely misses you.
The cerulean imp hits you with a +1 spear.
You die...

~~P~...~~♣♣.#
.♣~...~P♣~#.#
.♣♣..P♣~##.#######
.....~♣..........#
#....~♣###.#####.#
####.........#
###.......#
#.......#
#@......#
#...5h55###.###
######### #.# #.#
.#


You could see Natasha (combustible) and 3 cerulean imps.

Vanquished Creatures
  Robin (D:2)
  2 dart slugs (D:1)
  6 ball pythons
  A bat (D:1)
  3 endoplasms
  3 giant cockroaches (D:1)
  8 goblins
  3 hobgoblins
  4 jackals (D:2)
  3 kobolds
  A frilled lizard (D:2)
  3 rats
38 creatures vanquished.

Vanquished Creatures (others)
  76 foxfires
76 creatures vanquished.

Grand Total: 114 creatures vanquished

Notes
Turn   | Place    | Note
-------+----------+-------------------------------------------
     0 | D:1      | Ijustatesigmund the Deep Elf Fire Elementalist began the
                  | quest for the Orb.
     0 | D:1      | Reached XP level 1. HP: 10/10 MP: 6/6
     8 | D:1      | Found a faded altar of an unknown god.
    87 | D:1      | Reached XP level 2. HP: 16/16 MP: 2/8
   289 | D:1      | Learned a level 2 spell: Scorch
   684 | D:2      | Noticed Robin
   690 | D:2      | Reached XP level 3. HP: 20/20 MP: 8/10
   699 | D:2      | Killed Robin
   700 | D:2      | Reached skill level 1 in Fighting
  1183 | D:2      | Noticed Natasha
  1192 | D:2      | Slain by a cerulean imp

Illustrated notes

Levels and vault maps discovered:
D:1:      dpeg_arrival_short_road, layout_rooms,
          ebering_ecumenical_altar_sacrificial, minmay_cupped
D:2:      minmay_razor_zed, layout_basic, serial_bayou_ford_a, uniq_robin,
          uniq_jessica, uniq_natasha

Skill      XL: |  1  2  3 |
---------------+----------+-----
Fighting       | 1 |  1.2
Conjurations   | 2 |  2.1
Dodging        | |  2.4
Stealth        | |  2.4
Spellcasting   | |  3.8
Fire Magic     | |  3.9

Action                     || total
---------------------------++-------
  Melee: Dagger            ||    19
   Cast: Foxfire           ||    43
         Scorch            ||     9
 Armour: Robe              ||    18
  Dodge: Dodged            ||    22

Table legend: (Time is in decaauts)
 A = Elapsed time spent in this place.
 B = Non-inter-level travel time spent in this place.
 C = Inter-level travel time spent in this place.
 D = Time resting spent in this place.
 E = Time spent auto-exploring this place.
 F = Levels seen in this place.
 G = Mean time per level.
                   A        B        C        D        E       F      G
               +--------+--------+--------+--------+--------+-----+--------+
         Total |   1196 |   1189 |      7 |    242 |    744 |   2 |  598.0 |
       Dungeon |   1196 |   1189 |      7 |    242 |    744 |   2 |  598.0 |
               +--------+--------+--------+--------+--------+-----+--------+

Top non-repeatable levels by time:
     D:1: 662 daAuts
     D:2: 534 daAuts
